Map: Echo LE (Void)

Players

Voodoochilli - Winner!

  • Race: Terran Terran
  • League: Platinum

WarBringer

  • Race: Terran Terran
  • League: Diamond

VOD

Have the link to the VOD?

Description

Time

  • Played on: Nov. 28, 2016, 11:48 a.m.
  • Length: 16:33
Show
View Real Time Build Order
Export as new Build Order

Voodoochilli Terran - Winner!

Build Orders: Reaper Expand 

Get SALT Encoding   

  12  0:01  SCV  
  13  0:16  SCV  
  13  0:19  Supply Depot  
  14  0:28  SCV  
  15  0:40  SCV  
  16  0:43  Barracks  
  16  0:45  Refinery  
  16  0:52  SCV  
  17  1:05  SCV  
  18  1:17  SCV  
  19  1:29  Orbital Command  
  19  1:31  Reaper  
  20  1:53  Command Center  
  20  1:56  SCV  
  21  2:03  Refinery  
  21  2:04  Reaper  
  22  2:14  Supply Depot  
  21  2:19  SCV  
  22  2:31  SCV  
  22  2:36  Reaper  
  23  3:07  Orbital Command  
  23  3:12  Factory  
  23  3:16  SCV  
  24  3:25  Barracks Reactor  
  24  3:28  SCV  
  25  3:35  SCV, Barracks  
  25  3:36  Bunker  
  25  3:40  SCV  
  25  3:41  Engineering Bay  
  27  3:52  SCV  
  27  3:58  Supply Depot  
  26  4:17  SCV  
  27  4:24  Starport  
  27  4:29  SCV  
  28  4:32  Hellion x2  
  28  4:33  Barracks Tech Lab  
  28  4:35  Barracks Tech Lab  
  28  4:38  Missile Turret  
  32  4:40  Missile Turret  
  32  4:41  SCV  
  32  4:43  SCV  
  34  4:50  Missile Turret  
  34  4:52  Command Center  
  34  4:53  SCV  
  34  4:59  Widow Mine  
  38  5:01  SCV  
  38  5:11  Hellion  
  38  5:12  SCV  
  42  5:21  SCV  
  42  5:24  SCV  
  43  5:33  SCV  
  43  5:34  Marine  
  45  5:37  Hellion x2  
  47  5:52  Marine, SCV x2  
  47  5:55  Marine  
  42  6:32  Bunker  
  42  6:34  Hellion x2  
  42  6:35  Banshee  
  42  6:36  Cloaking Field  
  42  6:37  SCV  
  42  6:38  Planetary Fortress  
  50  6:40  Missile Turret  
  50  6:41  SCV  
  51  6:49  SCV  
  51  6:53  SCV  
  51  6:58  Supply Depot  
  53  7:01  Hellion x2, SCV  
  53  7:05  SCV  
  53  7:07  Marine  
  54  7:12  Marine  
  54  7:13  Factory, SCV  
  54  7:15  SCV, Stimpack  
  57  7:17  SCV  
  57  7:18  Banshee  
  61  7:25  SCV  
  61  7:27  SCV  
  61  7:28  Supply Depot  
  61  7:29  Hellion x2, SCV  
  68  7:37  SCV  
  68  7:39  SCV  
  68  7:41  Barracks Tech Lab  
  68  7:42  SCV  
  71  7:46  Factory  
  71  7:49  SCV  
  70  7:51  SCV  
  71  8:01  Banshee  
  66  8:21  Marine  
  66  8:24  SCV  
  72  8:27  Combat Shields, Liberator  
  64  8:37  Refinery  
  64  8:38  Factory Tech Lab x2, Refinery  
  64  8:39  Marine  
  65  8:41  Widow Mine  
  65  8:42  Widow Mine  
  65  8:47  Refinery x2  
  72  8:55  SCV  
  72  8:57  Marine  
  72  8:58  SCV  
  72  9:06  Siege Tank x2  
  78  9:15  Marauder  
  80  9:28  Widow Mine x2  
  81  9:36  Marine  
  81  9:38  Siege Tank  
  85  9:41  Siege Tank  
  85  9:52  Supply Depot  
  85  10:03  Armory  
  85  10:07  Marauder, SCV  
  85  10:10  Siege Tank  
  85  10:13  Siege Tank  
  81  10:28  Marine  
  82  10:36  Viking  
  82  10:42  Siege Tank  
  87  10:45  Siege Tank  
  87  10:47  Marauder  
  92  11:02  Orbital Command  
  92  11:08  Missile Turret  
  92  11:10  Terran Vehicle Weapons Level 1  
  92  11:12  Supply Depot x2  
  92  11:14  SCV  
  93  11:26  Command Center  
  93  11:34  Siege Tank, Viking, SCV  
  93  11:35  SCV x2  
  93  11:36  Supply Depot  
  93  11:37  Terran Infantry Weapons Level 1  
  101  11:44  Command Center  
  101  11:46  SCV  
  102  11:48  SCV  
  102  11:50  SCV  
  104  11:54  Siege Tank  
  104  11:55  Missile Turret x2  
  104  11:58  SCV  
  108  12:03  SCV  
  112  12:11  Banshee  
  112  12:20  Siege Tank  
  115  12:27  SCV  
  116  12:32  Siege Tank  
  116  12:33  Supply Depot  
  116  12:35  Armory, Supply Depot  
  119  12:39  SCV  
  119  12:41  Missile Turret  
  119  12:43  Missile Turret  
  120  12:55  Planetary Fortress  
  120  12:57  Supply Depot  
  120  13:01  Missile Turret x2  
  120  13:02  Missile Turret  
  120  13:03  Missile Turret, SCV x3  
  123  13:07  Missile Turret  
  123  13:10  Planetary Fortress  
  123  13:13  Marine  
  123  13:15  SCV x3  
  125  13:20  Refinery  
  125  13:25  Refinery  
  125  13:27  SCV  
  125  13:31  Marauder  
  125  13:46  Siege Tank x2  
  112  14:18  Siege Tank x2  
  115  14:28  Missile Turret, Starport Reactor  
  115  14:45  Supply Depot  
  115  14:50  Siege Tank x2  
  121  14:55  Refinery  
  121  14:56  Refinery  
  104  15:07  Marine  
  93  15:22  Siege Tank x2  
  93  15:25  Marauder  
  101  15:31  Viking x2  
  105  15:35  Supply Depot  
  105  15:43  SCV  
  105  15:46  Marine  
  107  15:54  Siege Tank x2  
  113  16:01  Viking x2  
  113  16:02  Starport  
  114  16:04  Marauder  
  114  16:10  Missile Turret  
  116  16:12  SCV  
  116  16:13  SCV x2  
Show
View Real Time Build Order
Export as new Build Order

WarBringer Terran 

Build Orders: Reaper Expand, MMM Bio 

Get SALT Encoding   

  12  0:01  SCV  
  13  0:14  SCV  
  14  0:20  Supply Depot  
  14  0:26  SCV  
  15  0:42  SCV  
  16  0:44  Barracks  
  16  0:46  Refinery  
  16  0:54  SCV  
  17  1:06  SCV  
  18  1:18  SCV  
  19  1:31  Reaper  
  21  1:33  Orbital Command  
  20  1:44  Command Center  
  20  2:00  SCV  
  21  2:12  SCV  
  22  2:15  Barracks Reactor  
  22  2:21  Refinery  
  22  2:26  Supply Depot  
  22  2:29  Barracks  
  19  3:03  Marine x2  
  21  3:08  Bunker  
  21  3:17  Command Center  
  21  3:21  Marine x2  
  23  3:38  Marine  
  23  3:39  Barracks Tech Lab, Marine  
  25  3:41  Factory  
  25  4:13  Marine x2  
  25  4:14  Marine  
  25  4:15  Stimpack  
  27  4:19  SCV  
  28  4:25  Factory Reactor  
  28  4:29  Starport  
  28  4:31  Marine, SCV  
  30  4:37  Marine  
  31  4:38  Marine  
  31  4:43  Supply Depot  
  32  4:48  Marine  
  32  4:50  Supply Depot  
  33  4:56  Marine  
  34  5:01  Hellion  
  34  5:02  Hellion  
  38  5:09  Starport Reactor  
  38  5:17  Orbital Command  
  38  5:23  Hellion x2, SCV  
  43  5:35  SCV  
  42  5:47  SCV  
  43  5:51  SCV  
  43  5:54  Hellion  
  46  5:59  SCV  
  46  6:03  SCV  
  45  6:16  Combat Shields  
  31  6:29  SCV x2  
  31  6:31  Marine x2  
  31  6:32  Marauder  
  35  6:41  Factory Tech Lab, SCV  
  35  6:42  SCV  
  35  6:44  Barracks  
  35  6:49  Marine x2  
  35  6:53  Marauder, SCV  
  39  7:07  Marine x2  
  40  7:11  Siege Tank  
  40  7:13  Medivac  
  40  7:15  Marauder  
  47  7:16  Medivac  
  47  7:19  SCV  
  50  7:24  Marine  
  50  7:25  Marine  
  52  7:30  Marine x2  
  52  7:35  Concussive Shells  
  52  7:36  Marauder, Supply Depot  
  56  7:42  Marine  
  56  7:43  Marine  
  54  7:48  Marine x2  
  56  7:57  Marauder  
  58  8:00  Marine x2  
  58  8:06  Marine  
  58  8:18  Marine x2  
  58  8:19  Marauder  
  62  8:22  Engineering Bay  
  62  8:24  SCV x2  
  63  8:36  Marine x2, SCV  
  63  8:40  Marauder  
  68  8:42  Viking  
  68  8:47  Supply Depot  
  70  8:52  Missile Turret  
  70  8:53  Viking  
  70  8:55  Missile Turret  
  70  9:01  Terran Infantry Weapons Level 1  
  70  9:04  Missile Turret, Marine  
  70  9:06  Marine  
  70  9:09  Marauder  
  71  9:22  Marine  
  71  9:24  Marine  
  73  9:33  Missile Turret  
  72  9:45  Missile Turret  
  72  9:46  Marine x3  
  75  10:04  Marine x3  
  63  10:22  Marine  
  54  10:38  Marine x2  
  54  10:39  Marine  
  55  10:56  Marine  
  55  10:57  Marauder, Marine  
  51  11:08  SCV x2  
  51  11:10  Terran Infantry Armor Level 1  
  52  11:14  Marine  
  52  11:15  Marine  
  52  11:18  Marauder, Barracks  
  56  11:20  SCV x2  
  56  11:22  Barracks  
  56  11:24  Barracks x2  
  58  11:27  Starport Tech Lab  
  58  11:31  Marine  
  58  11:32  SCV x2  
  61  11:33  Marine  
  61  11:36  Siege Tank  
  61  11:39  Marauder  
  67  11:44  SCV x2  
  67  11:46  Raven  
  71  11:49  Marine  
  71  11:51  Marine  
  73  11:55  Supply Depot  
  73  11:56  Supply Depot  
  73  11:58  Refinery  
  73  11:59  Refinery, Supply Depot, SCV x2  
  73  12:01  Marauder  
  77  12:05  Barracks Reactor  
  77  12:07  Marine  
  78  12:09  Barracks Tech Lab  
  78  12:11  Barracks Reactor  
  78  12:15  Supply Depot  
  78  12:16  Marine, SCV x2  
  78  12:17  Supply Depot  
  78  12:20  Supply Depot  
  78  12:22  Marauder  
  83  12:24  Liberator x2  
  83  12:25  Marine  
  84  12:32  Marine  
  84  12:34  Marine  
  86  12:37  Marine x2  
  86  12:43  Marine  
  86  12:44  Marauder  
  97  12:49  Marine x2  
  97  12:50  Marine  
  100  12:52  Marine  
  100  12:53  Supply Depot  
  100  12:55  Marine  
  102  12:59  Marine x2  
  102  13:01  Marine  
  102  13:05  Marauder  
  107  13:08  Marine  
  108  13:15  Marine x4  
  111  13:24  Medivac, Viking  
  111  13:26  Marauder x2  
  113  13:48  Marauder x2  
  75  14:02  Marine  
  75  14:03  Marine x5  
  75  14:04  Marine  
  75  14:09  Marauder x2  
  83  14:23  Orbital Command  
  83  14:28  Marine x4  
  83  14:29  Marine x4  
  83  14:30  Marauder  
  83  14:31  Marauder  
  95  14:46  Marine x3  
  95  14:52  Marauder x2, Armory  
  72  15:13  Marauder  
  60  15:18  Marine x2  
  58  15:31  Marine x2  
  58  15:35  Marauder  
  63  15:36  Marine x2  
  63  15:39  Barracks Reactor  
  63  15:44  Barracks Tech Lab  
  63  15:47  Refinery  
  63  15:49  Marine x2, Refinery  
  65  15:54  Marine x2  
  65  15:56  Marauder  
  69  16:05  Marine  
  69  16:07  Marine x2  
  75  16:11  Barracks Tech Lab  
  75  16:12  Marine  
Tags
 
Add a new tag
Caveats
  • Supply blocks, unpowered buildings, or Contaminate may cause inaccurate times.
  • Supply counts are checked every 10 seconds.